 Dungeon Crawl Stone Soup version bcrawl-1.40.3b (webtiles) character file.

Game seed: 3005275641890759119

127241 MisterOstroum the Magician (level 4, -1/38 HPs)
             Began as an Oni Necromancer on Nov 27, 2023.
             Shot with a stone by a goblin (3 damage)
             ... on level 3 of the Dungeon.
             The game lasted 00:09:50 (2208 turns).

MisterOstroum the Magician (Oni Necromancer)        Turns: 2208, Time: 00:09:50

Health: -1/38      AC:  2    Str: 11    XL:     4   Next: 79%
Magic:  8/11       EV: 12    Int: 17    God:
Gold:   159        SH:  0    Dex: 12    Spells: 2/10 levels left

rFire    . . .     GDR:     24% a - +0 dagger (pain)
rCold    . . .     SeeInvis .   (no shield)
rNeg     . . .     Gourm    .   g - +0 animal skin
rPois    .         Faith    .   (helmet restricted)
rElec    .         Spirit   .   (no cloak)
rCorr    .         Reflect  .   (no gloves)
MR       .....                  (no boots)
Stlth    ++........             (no amulet)
HPRegen  0.16/turn              (no ring)
MPRegen  0.12/turn              (no ring)

@: no status effects
A: oni magic, claws 1, fangs 1, horns 1
a: no special abilities


You were on level 3 of the Dungeon.
You were hungry.

You visited 1 branch of the dungeon, and saw 3 of its levels.

You collected 159 gold pieces.

Inventory:

Hand Weapons
 a - a +0 dagger of pain (weapon)
 b - a +0 hunting sling
Missiles
 c - 90 poisoned needles
 f - 332 stones (quivered)
Armour
 g - a +0 animal skin (worn)
 j - a +0 leather armour
 o - a cursed +0 leather armour
Scrolls
 d - a scroll of enchant weapon {unknown}
 h - a scroll of enchant armour {unknown}
 i - 2 scrolls of identify {@r1}
 l - a scroll of revelation {unknown}
 n - a scroll of blinking {unknown}
 p - 2 scrolls of fog {unknown}
 s - a scroll of amnesia {unknown}
Potions
 k - a potion of cancellation
 q - a potion of agility {unknown}
 r - a potion of mutation {unknown}
Comestibles
 e - 7 rations {!d}


   Skills:
 - Level 3.0 Fighting
 - Level 2.0 Dodging
 - Level 1.7 Stealth
 + Level 3.5 Spellcasting
   Level 3.5 Conjurations
   Level 3.5 Hexes
   Level 3.5 Charms
   Level 3.5 Summonings
   Level 3.5 Necromancy
   Level 3.5 Translocations
   Level 3.5 Transmutations
   Level 3.5 Fire Magic
   Level 3.5 Ice Magic
   Level 3.5 Air Magic
   Level 3.5 Earth Magic
   Level 3.5 Poison Magic


You had 2 spell levels left.
You knew the following spells:

 Your Spells              Type           Power        Failure   Level  Hunger
a - Necrotize             Necr           ###...       3%          1    None
b - Corpse Rot            Necr           N/A          4%          2    None
c - Vampiric Draining     Necr           ###.......   9%          3    ####...
d - Shackle               Hex            ###.....     4%          2    None

Your spell library contained the following spells:

 Spells                   Type           Power        Failure   Level  Hunger
 Agony                    Necr           ###.....     30%         4    #####..
 Animate Dead             Necr           N/A          30%         4    #####..
 Dispel Undead            Necr           ###.....     63%         5    ######.


Dungeon Overview and Level Annotations

Branches:
Dungeon (3/12)

Altars:


Innate Abilities, Weirdness & Mutations

You learn spells by gaining experience, not through books or religion.
You only train spellcasting to practice magic.
You have sharp fingernails.
You have very sharp teeth.
You have a pair of small horns on your head.


Message History

Okay, then.
You barely miss the sky beast. The sky beast closely misses you.
Press: ? - help, v - describe, . - travel
Here: a sky beast Unknown command.
Casting: Necrotize (safe; 3% risk of failure)
Confirm with . or Enter, or press ? or * to list all spells.
Aiming: Necrotize (safe; 3% risk of failure)
Press: ? - help, Shift-Dir - straight line, f - sky beast
Aim: a sky beast (chance to defeat MR: 73%)
Okay, then.
Unknown command.
You hit the sky beast but do no damage.
The sky beast writhes in agony.
Your headbutt misses the sky beast.
The sky beast is lightly wounded.
The sky beast flickers out of sight!
Deactivating autopickup; reactivate with Ctrl-A.
Something hits you. Something shocks you.
The ooze barely misses your orc zombie. Something hits your orc zombie.
Something shocks your orc zombie.
Your orc zombie is destroyed!
The goblin shoots a stone.
The stone hits you.
A sky beast appears from thin air!
Reactivating autopickup.
The sky beast flickers out of sight!
Deactivating autopickup; reactivate with Ctrl-A.
Your magical contamination has completely faded away.
Casting: Necrotize (safe; 3% risk of failure)
Confirm with . or Enter, or press ? or * to list all spells.
Aiming: Necrotize (safe; 3% risk of failure)
Press: ? - help, Shift-Dir - straight line, f - ooze
Aim: an ooze (chance to defeat MR: 73%)
The ooze writhes in agony.
The ooze hits you but does no damage.
Casting: Necrotize (safe; 3% risk of failure)
Confirm with . or Enter, or press ? or * to list all spells.
Aiming: Necrotize (safe; 3% risk of failure)
Press: ? - help, Shift-Dir - straight line, f/p - ooze
Aim: an ooze (heavily wounded, chance to defeat MR: 73%)
The ooze writhes in agony.
The ooze barely misses you.
Casting: Necrotize (safe; 3% risk of failure)
Confirm with . or Enter, or press ? or * to list all spells.
Aiming: Necrotize (safe; 3% risk of failure)
Press: ? - help, Shift-Dir - straight line, f/p - ooze
Aim: an ooze (almost dead, chance to defeat MR: 73%)
The ooze writhes in agony.
You kill the ooze!
The goblin shoots a stone.
The stone closely misses you.
A sky beast appears from thin air!
Reactivating autopickup.
You are feeling hungry.
The sky beast flickers out of sight!
Deactivating autopickup; reactivate with Ctrl-A.
There is an escape hatch in the floor here.
The goblin shoots a stone.
The stone hits you.
A sky beast appears from thin air!
Reactivating autopickup.
There is a stone staircase leading up here.
The sky beast flickers out of sight!
Deactivating autopickup; reactivate with Ctrl-A.
The goblin shoots a stone.
The stone hits you but does no damage.
The goblin shoots a stone.
The stone hits you.
The goblin shoots a stone.
The stone misses you.
A sky beast appears from thin air!
Reactivating autopickup.
Casting: Necrotize (safe; 3% risk of failure)
Confirm with . or Enter, or press ? or * to list all spells.
Aiming: Necrotize (safe; 3% risk of failure)
Press: ? - help, Shift-Dir - straight line, f - hobgoblin
Aim: a hobgoblin, wielding a +0 club (chance to defeat MR: 87%)
The hobgoblin writhes in agony.
The sky beast hits you. The sky beast shocks you.
The hobgoblin hits you but does no damage.
You hit the hobgoblin.
The hobgoblin writhes in agony.
The hobgoblin is severely wounded.
The sky beast flickers out of sight!
Deactivating autopickup; reactivate with Ctrl-A.
Something hits you but does no damage.
The hobgoblin hits you but does no damage.
All of the chunks of flesh in your inventory have rotted away.
You closely miss the hobgoblin. You headbutt the hobgoblin.
Your bite misses the hobgoblin.
The hobgoblin is almost dead.
Something hits you. Something shocks you.
* * * LOW HITPOINT WARNING * * *
You hit the hobgoblin.
You kill the hobgoblin!
A sky beast appears from thin air!
Reactivating autopickup.
The sky beast hits you.
* * * LOW HITPOINT WARNING * * *
The sky beast shocks you.
* * * LOW HITPOINT WARNING * * *
Unknown command.
The sky beast flickers out of sight!
Deactivating autopickup; reactivate with Ctrl-A.
The goblin shoots a stone.
The stone closely misses you.
Things that are here:
a +0 club; a hobgoblin corpse The goblin shoots a stone.
The stone hits you.
You die...

#### #.g.# #.# #.#.# #g# .# #.#)#
#g# #.# # #.#.# #§# #.#.## ....#
####g# ##.#(. #.### #....# #....
#.# #.#### #..# #.#
#>#########..# ##.##
#.@)...g.....# ##Z#.##
#.##########.#
#>####Z###.####..g.g......÷####.#
#.....## ##.....######..........#
######.###.####.# #.#####..###
#######.#.......# ###..#####.#
...<.ZZ.........# #..........#
.################ ##.#.....#..#
.##################...........#


You could see a goblin.

Vanquished Creatures
  3 adders
  2 oozes
  5 worms
  2 leopard geckos
  An orc (D:3)
  2 giant cockroaches
  6 hobgoblins
  2 jackals (D:2)
  A ball python (D:2)
  3 bats (D:1)
  3 frilled lizards
  6 goblins
  4 kobolds
  4 rats
44 creatures vanquished.

Vanquished Creatures (collateral kills)
  A worm (D:2)
  2 kobolds
  A rat (D:3)
4 creatures vanquished.

Grand Total: 48 creatures vanquished

Notes
Turn   | Place    | Note
-------+----------+-------------------------------------------
     0 | D:1      | MisterOstroum the Oni Necromancer began the quest for the
                  | Orb.
     0 | D:1      | Reached XP level 1. HP: 14/14 MP: 6/6
   120 | D:1      | Reached skill level 1 in Fighting
   186 | D:1      | Reached XP level 2. HP: 17/24 MP: 2/8
  1046 | D:2      | Reached XP level 3. HP: 30/30 MP: 9/9
  1573 | D:2      | Reached XP level 4. HP: 37/38 MP: 1/10
  1577 | D:2      | Learned a level 2 spell: Corpse Rot
  1581 | D:2      | Learned a level 3 spell: Vampiric Draining
  1908 | D:2      | Learned a level 2 spell: Shackle
  2144 | D:3      | Noticed a sky beast
  2206 | D:3      | HP: 1/38 [sky beast (5)]
  2208 | D:3      | Shot with a stone by a goblin

Skill      XL: |  1  2  3 |
---------------+----------+-----
Spellcasting   | |  3.5
Fighting       | 1 2 3 |  3.0
Dodging        | 2 |  2.0
Stealth        | |  1.7
Conjurations   | |  3.5
Hexes          | |  3.5
Charms         | |  3.5
Summonings     | |  3.5
Necromancy     | |  3.5
Translocations | |  3.5
Transmutations | |  3.5
Fire Magic     | |  3.5
Ice Magic      | |  3.5
Air Magic      | |  3.5
Earth Magic    | |  3.5
Poison Magic   | |  3.5

Action                   |  1- 3 |  4- 6 || total
-------------------------+-------+-------++-------
Melee: Dagger            |    43 |    26 ||    69
       Headbutt          |     5 |     3 ||     8
       Bite              |     3 |     1 ||     4
 Fire: Hunting sling     |     2 |       ||     2
Throw: Stone             |     4 |     2 ||     6
 Cast: Necrotize         |    70 |    28 ||    98
  Use: Scroll            |     1 |       ||     1
 Stab: Sleeping          |     1 |     1 ||     2
       Distracted        |     1 |       ||     1
  Eat: Chunk             |     4 |     3 ||     7
Armor: Animal skin       |     7 |     5 ||    12
Dodge: Dodged            |    30 |    14 ||    44
